SL
CHICAGO GOLD SOX @ THUNDER BAY NORTHERN LIONS BC
07/21/2032
 
TOP OF THE 1ST
Chicago Gold Sox batting - Pitching for Thunder Bay Northern Lions BC : RHP Santiago López
Pitching: RHP Santiago López
Batting: LHB Noel Ballard 0-0: Called Strike
0-1: Called Strike
0-2: Ball
1-2: Foul Ball, location: 2F
1-2: Foul Ball, location: 2F
1-2: Foul Ball, location: 2F
1-2: SINGLE (Groundball, 56D)
Batting: RHB Ramón Rodríguez 0-0: Ball
1-0: Foul Ball, location: 2F
1-1: Ball
2-1: Grounds into double play, 5-4-3 (Groundball, 5)
Batting: RHB Jay Hood 0-0: Ball
1-0: Called Strike
1-1: Foul Ball, location: 2F
1-2: Fly out, F8 (Flyball, 8RS)
Top of the 1st over - 0 runs, 1 hit, 0 errors, 0 left on base; Chicago 0 - Thunder Bay 0
BOTTOM OF THE 1ST
Thunder Bay Northern Lions BC batting - Pitching for Chicago Gold Sox : RHP Tony Alfonso
Pitching: RHP Tony Alfonso
Batting: LHB David Smith 0-0: Ball
1-0: Ball
2-0: Called Strike
2-1: Swinging Strike
2-2: Strikes out swinging
Batting: RHB Joe Aller 0-0: Ball
1-0: Ball
2-0: Ball
3-0: Called Strike
3-1: Foul Ball, location: 2F
3-2: Foul Ball, location: 2F
3-2: Fly out, F7 (Flyball, 7LM)
Batting: RHB António Mendoza 0-0: Ball
1-0: Ground out 6-3 (Groundball, 56)
Bottom of the 1st over - 0 runs, 0 hits, 0 errors, 0 left on base; Chicago 0 - Thunder Bay 0
TOP OF THE 2ND
Chicago Gold Sox batting - Pitching for Thunder Bay Northern Lions BC : RHP Santiago López
Batting: RHB Jeb Sexton 0-0: Called Strike
0-1: Ball
1-1: Ball
2-1: Foul Ball, location: 2F
2-2: Strikes out swinging
Batting: SHB Lupo Cotto 0-0: Called Strike
0-1: Ball
1-1: Fly out, F7 (Flyball, 7LM)
Batting: LHB Sergio Rodríguez 0-0: SINGLE (Groundball, 34) (infield hit)
Batting: LHB Shigenobu Ohayashi 0-0: Swinging Strike
0-1: Ball
1-1: Foul Ball, location: 2F
1-2: Ball
2-2: Ball
3-2: SINGLE (Groundball, 25) (infield hit)
Sergio Rodríguez to second
Pinch Runner at 1st Zeus Preckwinkle:
Batting: RHB Manuel Guillama 0-0: Called Strike
0-1: Ball
1-1: Ball
2-1: Fielders Choice at 2nd, 5-4 (Groundball, 56)
Top of the 2nd over - 0 runs, 2 hits, 0 errors, 2 left on base; Chicago 0 - Thunder Bay 0
BOTTOM OF THE 2ND
Thunder Bay Northern Lions BC batting - Pitching for Chicago Gold Sox : RHP Tony Alfonso
Now in CF: Zeus Preckwinkle
Batting: RHB Carlos Padilla 0-0: Ball
1-0: SINGLE (Groundball, 34D)
Batting: RHB Ricardo Téllez 0-0: Ball
1-0: Foul Ball, location: 2F
1-1: Swinging Strike
1-2: Foul Ball, location: 2F
1-2: Strikes out looking
Batting: LHB Luis Freitas 0-0: Ball
1-0: Fly out, F9 (Flyball, 89S)
Batting: RHB Denis Higgins 0-0: Swinging Strike
0-1: Ball
1-1: Ball
2-1: Swinging Strike
2-2: Strikes out swinging
Bottom of the 2nd over - 0 runs, 1 hit, 0 errors, 1 left on base; Chicago 0 - Thunder Bay 0
TOP OF THE 3RD
Chicago Gold Sox batting - Pitching for Thunder Bay Northern Lions BC : RHP Santiago López
Batting: RHB Norman Winston 0-0: Called Strike
0-1: Ball
1-1: Ball
2-1: Ball
3-1: Called Strike
3-2: Ground out 4-3 (Groundball, 4S)
Batting: LHB Noel Ballard 0-0: TRIPLE (Flyball, 8LXD)
Batting: RHB Ramón Rodríguez 0-0: Called Strike
0-1: Swinging Strike
0-2: Ball
1-2: Ball
2-2: DOUBLE (Line Drive, 78XD)
Noel Ballard scores
Batting: RHB Jay Hood 0-0: Swinging Strike
0-1: Called Strike
0-2: Ball
1-2: Ball
2-2: Ball
3-2: Strikes out looking
Batting: RHB Jeb Sexton 0-0: Called Strike
0-1: Fly out, F7 (Flyball, 7)
Top of the 3rd over - 1 run, 2 hits, 0 errors, 1 left on base; Chicago 1 - Thunder Bay 0
BOTTOM OF THE 3RD
Thunder Bay Northern Lions BC batting - Pitching for Chicago Gold Sox : RHP Tony Alfonso
Batting: RHB Bartolo Morales 0-0: Ball
1-0: Ground out 1-3 (Groundball, P)
Batting: RHB Rafael Pueblo 0-0: DOUBLE (Line Drive, 78D)
Batting: LHB David Smith 0-0: Ball
1-0: Ball
2-0: Ball
3-0: Called Strike
3-1: Foul Ball, location: 2F
3-2: Foul Ball, location: 2F
3-2: Ground out 3-1 (Groundball, 34)
Rafael Pueblo to third
Batting: RHB Joe Aller 0-0: Ball
Wild Pitch!
Rafael Pueblo scores
1-0: Called Strike
1-1: Fly out, F9 (Flyball, 9LS)
Bottom of the 3rd over - 1 run, 1 hit, 0 errors, 0 left on base; Chicago 1 - Thunder Bay 1
TOP OF THE 4TH
Chicago Gold Sox batting - Pitching for Thunder Bay Northern Lions BC : RHP Santiago López
Batting: SHB Lupo Cotto 0-0: Called Strike
0-1: Reached on error, E3 (Groundball, 3)
Batting: LHB Sergio Rodríguez 0-0: Grounds into double play, 4-6-3 (Groundball, 4)
Batting: RHB Zeus Preckwinkle 0-0: Ball
1-0: Foul Ball, location: 2F
1-1: Ball
2-1: Called Strike
2-2: Ball
3-2: Ground out 5-3 (Groundball, 56)
Top of the 4th over - 0 runs, 0 hits, 1 error, 0 left on base; Chicago 1 - Thunder Bay 1
BOTTOM OF THE 4TH
Thunder Bay Northern Lions BC batting - Pitching for Chicago Gold Sox : RHP Tony Alfonso
Batting: RHB António Mendoza 0-0: Ball
1-0: Ball
2-0: Called Strike
2-1: Ball
3-1: Foul Ball, location: 2F
3-2: Ground out 6-3 (Groundball, 6)
Batting: RHB Carlos Padilla 0-0: Called Strike
0-1: Ball
1-1: SINGLE (Groundball, 3D)
Batting: RHB Ricardo Téllez 0-0: Called Strike
0-1: Ball
1-1: DOUBLE (Line Drive, 7D)
Carlos Padilla to third
Batting: LHB Luis Freitas 0-0: Ball
1-0: Called Strike
1-1: Ground out U3 (Groundball, 3)
Batting: RHB Denis Higgins 0-0: Called Strike
0-1: Called Strike
0-2: Fly out, F6 (Line Drive, 6M)
Bottom of the 4th over - 0 runs, 2 hits, 0 errors, 2 left on base; Chicago 1 - Thunder Bay 1
TOP OF THE 5TH
Chicago Gold Sox batting - Pitching for Thunder Bay Northern Lions BC : RHP Santiago López
Batting: RHB Manuel Guillama 0-0: Called Strike
0-1: Ball
1-1: Swinging Strike
1-2: Ball
2-2: Strikes out looking
Batting: RHB Norman Winston 0-0: Ball
1-0: Foul Ball, location: 2F
1-1: Ball
2-1: Foul Ball, location: 2F
2-2: Ball
3-2: Foul Ball, location: 2F
3-2: Foul Ball, location: 2F
3-2: Foul Ball, location: 2F
3-2: Base on Balls
Batting: LHB Noel Ballard 0-0: Called Strike
0-1: Foul Ball, location: 2F
0-2: Ball
Throwing error on steal attempt, E2
Norman Winston to third
1-2: Ball
2-2: Ball
3-2: Foul Ball, location: 2F
3-2: Foul Ball, location: 2F
3-2: Fly out, F7 (Flyball, 78S)
Runner from 3rd tags up, SCORES, throw made
Batting: RHB Ramón Rodríguez 0-0: Called Strike
0-1: Fly out, F8 (Flyball, 89D)
Top of the 5th over - 1 run, 0 hits, 1 error, 0 left on base; Chicago 2 - Thunder Bay 1
BOTTOM OF THE 5TH
Thunder Bay Northern Lions BC batting - Pitching for Chicago Gold Sox : RHP Tony Alfonso
Batting: RHB Bartolo Morales 0-0: Swinging Strike
0-1: Ball
1-1: Ball
2-1: Foul Ball, location: 2F
2-2: Ball
3-2: Strikes out swinging
Batting: RHB Rafael Pueblo 0-0: Ball
1-0: Called Strike
1-1: Ground out 5-3 (Groundball, 5)
Batting: LHB David Smith 0-0: Ball
1-0: Fly out, F7 (Flyball, 7LSF)
Bottom of the 5th over - 0 runs, 0 hits, 0 errors, 0 left on base; Chicago 2 - Thunder Bay 1
TOP OF THE 6TH
Chicago Gold Sox batting - Pitching for Thunder Bay Northern Lions BC : RHP Santiago López
Batting: RHB Jay Hood 0-0: Called Strike
0-1: Ball
1-1: Ball
2-1: SINGLE (Groundball, 4MD)
Pitching: RHP Bayram Tanaoglu
Batting: RHB Jeb Sexton 0-0: Ball
1-0: Ball
2-0: Ball
3-0: Called Strike
3-1: Base on Balls
Jay Hood to second
Batting: SHB Lupo Cotto 0-0: Ball
1-0: Called Strike
1-1: Ball
2-1: Grounds into double play, 3-6-3 (Groundball, 3)
Jay Hood to third
Batting: LHB Sergio Rodríguez 0-0: Ball
1-0: Ball
2-0: Swinging Strike
2-1: Foul Ball, location: 2F
2-2: Ball
3-2: Strikes out swinging
Top of the 6th over - 0 runs, 1 hit, 0 errors, 1 left on base; Chicago 2 - Thunder Bay 1
BOTTOM OF THE 6TH
Thunder Bay Northern Lions BC batting - Pitching for Chicago Gold Sox : RHP Tony Alfonso
Batting: RHB Joe Aller 0-0: Ground out 1-3 (Groundball, 13S)
Batting: RHB António Mendoza 0-0: Foul Ball, location: 2F
0-1: Ball
1-1: Foul Ball, location: 2F
1-2: Ball
2-2: Ball
3-2: DOUBLE (Line Drive, 9LM)
Batting: RHB Carlos Padilla 0-0: Ball
1-0: Ball
2-0: Ground out 4-3 (Groundball, 4)
António Mendoza to third
Batting: RHB Ricardo Téllez 0-0: SINGLE (Groundball, 56) (infield hit)
António Mendoza scores
Batting: LHB Luis Freitas 0-0: Ball
1-0: Ground out 4-3 (Groundball, 4)
Bottom of the 6th over - 1 run, 2 hits, 0 errors, 1 left on base; Chicago 2 - Thunder Bay 2
TOP OF THE 7TH
Chicago Gold Sox batting - Pitching for Thunder Bay Northern Lions BC : RHP Bayram Tanaoglu
Batting: RHB Zeus Preckwinkle 0-0: Called Strike
0-1: Fly out, F9 (Flyball, 89M)
Batting: RHB Manuel Guillama 0-0: Ball
1-0: Ball
2-0: Ground out 6-3 (Groundball, 6)
Batting: RHB Norman Winston 0-0: Ball
1-0: Ground out 5-3 (Groundball, 56S)
Top of the 7th over - 0 runs, 0 hits, 0 errors, 0 left on base; Chicago 2 - Thunder Bay 2
BOTTOM OF THE 7TH
Thunder Bay Northern Lions BC batting - Pitching for Chicago Gold Sox : RHP Tony Alfonso
Batting: RHB Denis Higgins 0-0: Foul Ball, location: 2F
0-1: Swinging Strike
0-2: Hit by Pitch
Pinch Hitting: LHB Yataro Kodo 0-0: Called Strike
0-1: Ball
1-1: Ball
2-1: SINGLE (Flyball, 7LS)
Denis Higgins to second
Batting: RHB Rafael Pueblo 0-0: Called Strike
0-1: Ball
1-1: Fly out, F6 (Popup, 4M)
Batting: LHB David Smith 0-0: Swinging Strike
0-1: Swinging Strike
0-2: Ball
1-2: Ball
2-2: Strikes out swinging
Pitching: RHP Gordon Neugebauer
Batting: RHB Joe Aller 0-0: Called Strike
0-1: Called Strike
0-2: Ball
1-2: Ball
2-2: Ball
3-2: Foul Ball, location: 2F
3-2: Ground out 6-3 (Groundball, 6)
Bottom of the 7th over - 0 runs, 1 hit, 0 errors, 2 left on base; Chicago 2 - Thunder Bay 2
TOP OF THE 8TH
Chicago Gold Sox batting - Pitching for Thunder Bay Northern Lions BC : RHP Bayram Tanaoglu
Pitching: RHP Anatoly Ivanovich
Now at 3B: Yataro Kodo
Batting: LHB Noel Ballard 0-0: Called Strike
0-1: Foul Ball, location: 2F
0-2: Ball
1-2: Ball
2-2: Foul Ball, location: 2F
2-2: SINGLE (Line Drive, 8RS)
Batting: RHB Ramón Rodríguez 0-0: Called Strike
0-1: Ball
Wild Pitch!
Noel Ballard to second
1-1: Ball
2-1: Fly out, F6 (Popup, 6MD)
Batting: RHB Jay Hood 0-0: Intentional Walk
Batting: RHB Jeb Sexton 0-0: Ball
1-0: Called Strike
1-1: Ground out 3-1 (Groundball, 34S)
Noel Ballard to third
Jay Hood to second
Batting: SHB Lupo Cotto 0-0: Ball
1-0: Ball
2-0: Ball
3-0: Called Strike
3-1: Foul Ball, location: 2F
3-2: Fly out, F9 (Flyball, 9)
Top of the 8th over - 0 runs, 1 hit, 0 errors, 2 left on base; Chicago 2 - Thunder Bay 2
BOTTOM OF THE 8TH
Thunder Bay Northern Lions BC batting - Pitching for Chicago Gold Sox : RHP Gordon Neugebauer
Batting: RHB António Mendoza 0-0: Swinging Strike
0-1: Foul Ball, location: 2F
0-2: Foul Ball, location: 2F
0-2: Ball
1-2: Ball
2-2: Ball
3-2: Ground out 4-3 (Groundball, 4)
Batting: RHB Carlos Padilla 0-0: Ball
1-0: Ball
2-0: Called Strike
2-1: Fly out, F9 (Flyball, 89S)
Batting: RHB Ricardo Téllez 0-0: Ball
1-0: Ball
2-0: Ground out 5-3 (Groundball, 56S)
Bottom of the 8th over - 0 runs, 0 hits, 0 errors, 0 left on base; Chicago 2 - Thunder Bay 2
TOP OF THE 9TH
Chicago Gold Sox batting - Pitching for Thunder Bay Northern Lions BC : RHP Anatoly Ivanovich
Batting: LHB Sergio Rodríguez 0-0: Called Strike
0-1: Ground out 4-3 (Groundball, 4M)
Batting: RHB Zeus Preckwinkle 0-0: Ball
1-0: Foul Ball, location: 2F
1-1: Fly out, F2 (Popup, 2RF)
Batting: RHB Manuel Guillama 0-0: Ball
1-0: Foul Ball, location: 2F
1-1: Foul Ball, location: 2F
1-2: Ball
2-2: Foul Ball, location: 2F
2-2: Strikes out swinging
Top of the 9th over - 0 runs, 0 hits, 0 errors, 0 left on base; Chicago 2 - Thunder Bay 2
BOTTOM OF THE 9TH
Thunder Bay Northern Lions BC batting - Pitching for Chicago Gold Sox : RHP Gordon Neugebauer
Batting: LHB Luis Freitas 0-0: Ball
1-0: Foul Ball, location: 2F
1-1: Swinging Strike
1-2: Ball
2-2: Strikes out swinging
Batting: RHB Denis Higgins 0-0: Foul Ball, location: 2F
0-1: Ball
1-1: SOLO HOME RUN (Flyball, 7LD), Distance : 358 ft
Wednesday, September 19th, 2018 - OOTP Baseball 18.8 Build 76